 Dungeon Crawl Stone Soup version 0.24-a0-284-g9fb9971df1 (webtiles) character file.

Game seed: 9364001135251675074

2 Redear the Insei (level 1, 0/13 HPs)
             Began as an Octopode Transmuter on May 4, 2019.
             Slain by a bat (1 damage)
             ... on level 1 of the Dungeon.
             The game lasted 00:00:29 (18 turns).

Redear the Insei (Octopode Transmuter)                Turns: 18, Time: 00:00:29

Health: 0/13       AC:  1    Str:  9    XL:     1   Next: 40%
Magic:  2/3        EV: 13    Int: 15    God:
Gold:   0          SH:  0    Dex: 12    Spells: 3/4 levels left

rFire    . . .     SeeInvis .     - Unarmed
rCold    . . .     Gourm    .   (no shield)
rNeg     . . .     Faith    .   (helmet restricted)
rPois    .         Spirit   .   (no amulet)
rElec    .         Reflect  .   (no ring)
rCorr    .         Harm     .   (no ring)
MR       .....                  (no ring)
Stlth    ++........             (no ring)
HPRegen  0.04/turn              (no ring)
MPRegen  0.08/turn              (no ring)
                                (no ring)
                                (no ring)

@: appendage (expiring)
A: almost no armour, stealthy swim, amphibious, 8 rings, constrict 8, tentacle
spike 3, camouflage 1, gelatinous body 1
a: End Transformation


You were on level 1 of the Dungeon.
You were not hungry.
One of your tentacles had a temporary spike.
You visited 1 branch of the dungeon, and saw 1 of its levels.

Inventory:

Missiles
 a - 12 arrows
Comestibles
 z - a ration


   Skills:
 - Level 1.0 Fighting
 + Level 2.0 Dodging
 + Level 3.0 Unarmed Combat
 + Level 2.0 Spellcasting
 + Level 2.0 Transmutations


You had 3 spell levels left.
You knew the following spells:

 Your Spells              Type           Power        Failure   Level  Hunger
z - Beastly Appendage     Tmut           #.....       10%         1    #......

Your spell library contained the following spells:

 Spells                   Type           Power        Failure   Level  Hunger
 Sticks to Snakes         Tmut           #.......     14%         2    ###....
 Spider Form              Tmut/Pois      #.........   41%         3    ###....
 Ice Form                 Ice/Tmut       #.......     82%         4    #####..
 Blade Hands              Tmut           #.........   95%         5    ######.


Dungeon Overview and Level Annotations

Branches:
Dungeon (1/15)

Altars:


Innate Abilities, Weirdness & Mutations

You cannot wear most types of armour.
You are very stealthy in the water. (Stealth+)
You are amphibious.
You can wear up to eight rings at the same time.
You can use your tentacles to constrict eight enemies at once.
Your skin changes colour to match your surroundings (Stealth+).
Your rubbery body absorbs attacks. (AC +1, EV +1)
One of your tentacles bears a large vicious spike.


Message History

You kill the hobgoblin!
The bat barely misses you. The giant cockroach closely misses you.
The giant cockroach bites you.
You take 2 damage, and have 4/13 hp.
You barely miss the bat. You grab the bat.
The bat is moderately wounded.
You constrict the bat. The bat barely misses you.
The bat escapes!
The giant cockroach closely misses you. The bat hits you.
* * * LOW HITPOINT WARNING * * *
The giant cockroach bites you.
* * * LOW HITPOINT WARNING * * *
Things that are here:
a +0 club; a hobgoblin corpse You take 3 damage, and have 1/13 hp.
MASSIVE DAMAGE!!
You barely miss the giant cockroach. Your grab misses the giant cockroach.
The bat barely misses you.
The giant cockroach bites you but does no damage.
The bat hits you.
You die...

#.!.....###
###.........
#≈≈≈§≈≈§≈≈≈# #
#≈8≈≈§≈≈≈8≈#.##
#≈≈8≈≈≈≈8≈≈...#
#≈≈≈####K≈≈§..#
#.#≈≈≈#†s'≈≈≈§..#
...≈≈≈#<@b≈§§§..#
###≈≈≈####≈≈≈....
#≈≈8≈≈≈≈8≈≈..##
#≈8≈≈≈≈≈≈8≈$.#
#≈≈≈≈§≈§≈≈≈#.#
############ #


You could see a giant cockroach, a bat and a kobold.

Vanquished Creatures
  A bat (D:1)
  A hobgoblin (D:1)
2 creatures vanquished.

Notes
Turn   | Place    | Note
-------+----------+-------------------------------------------
     0 | D:1      | Redear the Octopode Transmuter began the quest for the Orb.
     0 | D:1      | Reached XP level 1. HP: 13/13 MP: 3/3
    17 | D:1      | HP: 1/13 [giant cockroach (2)]
    18 | D:1      | Slain by a bat

Levels and vault maps discovered:
D:1:      lightli_arrival_boilingwater, layout_basic

Action                   || total
-------------------------++-------
Melee: Unarmed           ||    10
       Constrict         ||     4
       Kick              ||     2
       Punch             ||     1
       Tentacles         ||     1
 Cast: Beastly Appendage ||     2
Armor: Skin              ||     5
Dodge: Dodged            ||    20

Table legend:
 A = Non-vault XP
 B = Vault XP
 C = Vault XP percentage of total XP
 D = Non-vault monster count
 E = Vault monster count
 F = Vault count percentage of total count
                 A         B        C        D         E       F
            +---------+---------+-------+---------+---------+-------
      Total |       4 |       0 |   0.0 |       2 |       0 |   0.0
            +---------+---------+-------+---------+---------+-------
        D:1 |       4 |       0 |   0.0 |       2 |       0 |   0.0
            +---------+---------+-------+---------+---------+-------
